 Dungeon Crawl Stone Soup version 0.22.1-2-g9c5b331 (webtiles) character file.

3833 whitewolfNL the Basher (level 9, -6/78 HPs)
             Began as a Minotaur Berserker on Nov 13, 2018.
             Was an Elder of Trog.
             Mangled by a cyan ugly thing (13 damage)
             ... on level 11 of the Dungeon.
             The game lasted 00:55:44 (10088 turns).

whitewolfNL the Basher (Minotaur Berserker)        Turns: 10088, Time: 00:55:44

Health: -6/78      AC: 15    Str: 21    XL:     9   Next: 98%
Magic:  11/11      EV:  9    Int:  5    God:    Trog [****..]
Gold:   336        SH:  0    Dex: 13    Spells: 8/8 levels left

rFire    . . .     SeeInvis +   h - +5 flail
rCold    . . .     Gourm    .   (no shield)
rNeg     . . .     Faith    .   r - +0 plate armour
rPois    .         Spirit   .   (helmet restricted)
rElec    .         Reflect  .   (no cloak)
rCorr    .         Harm     .   B - +1 pair of gloves
MR       .....                  (no boots)
Stlth    ..........             (no amulet)
HPRegen  0.23/turn              N - ring of see invisible
MPRegen  0.12/turn              f - ring of stealth

@: berserk cooldown, slowed, very slow
A: retaliatory headbutt, horns 2
a: Berserk, Trog's Hand, Brothers in Arms, Renounce Religion


You were on level 11 of the Dungeon.
You worshipped Trog.
Trog was greatly pleased with you.
You were near starving.

You visited 1 branch of the dungeon, and saw 9 of its levels.

You collected 336 gold pieces.

Inventory:

Hand Weapons
 a - a +0 hand axe
 e - a +0 shortbow
 h - a +5 flail (weapon)
 i - a +0 blowgun
 m - a +0 mace
 F - a +3 mace of pain
 H - a +2 scimitar of electrocution
Missiles
 b - 39 bolts
 d - 20 poisoned needles
 k - 7 javelins
 l - 49 sling bullets
 q - 4 curare-tipped needles
 s - 87 arrows
 I - a throwing net (quivered)
Armour
 r - a +0 plate armour (worn)
 w - a +0 chain mail of poison resistance
 B - a +1 pair of gloves (worn)
Jewellery
 f - a ring of stealth (right hand)
 o - an uncursed ring of poison resistance
 y - an uncursed ring of ice
 C - an uncursed ring of resist corrosion
 N - a ring of see invisible (left hand)
Wands
 t - a wand of paralysis (17)
Scrolls
 g - a scroll of enchant armour
 j - a scroll of fog
 u - a scroll of remove curse
 x - 2 scrolls of teleportation
 D - a scroll of amnesia {unknown}
 K - a scroll of magic mapping
 L - a scroll of enchant weapon {unknown}
Potions
 n - 2 potions of heal wounds {unknown}
 p - a potion of agility {unknown}
 v - a potion of haste {unknown}
 z - a potion of flight {unknown}
 E - a potion of curing {unknown}
 G - a potion of brilliance {unknown}
Comestibles
 c - 3 rations
 A - 3 chunks of flesh


   Skills:
 + Level 6.5 Fighting
 - Level 5.9(8.1) Axes
 * Level 8.1(9.0) Maces & Flails
   Level 2.6(4.6) Polearms
 * Level 3.4 Throwing
 + Level 7.4 Armour
 * Level 6.1 Dodging
 * Level 3.7 Stealth
 - Level 4.0 Evocations


You had 8 spell levels left.
You didn't know any spells.
Your spell library was empty.

Dungeon Overview and Level Annotations

Branches:
Dungeon (8/15)             Temple (0/1) D:7
   Lair: D:8-11

Altars:
Dithmenos
Makhleb
Nemelex Xobeh
Qazlal
Sif Muna
Trog
Xom

Annotations:
D:11 Grum


Innate Abilities, Weirdness & Mutations

You reflexively headbutt those who attack you in melee.
You have a pair of horns on your head.


Message History

The cyan ugly thing gurgles horribly!
You hear an angry hiss.
Found a fluorescent wand.
Aiming: Paralyse
Press: ? - help, Shift-Dir - straight line, f - cyan ugly thing
Aim: a cyan ugly thing (chance to defeat MR: 40%)
The cyan ugly thing resists with some effort.
An adder comes into view.
Aiming: Paralyse
Press: ? - help, Shift-Dir - straight line, f/p - cyan ugly thing
Aim: a cyan ugly thing (chance to defeat MR: 40%)
The cyan ugly thing resists with some effort.
You sock the cyan ugly thing!
The cyan ugly thing is lightly wounded.
The cyan ugly thing tentacle-slaps you but does no damage.
You barely miss the cyan ugly thing.
The cyan ugly thing is lightly wounded.
The cyan ugly thing tentacle-slaps you!
* * * LOW HITPOINT WARNING * * *
The cyan ugly thing shocks you!
You die...

#..... .#
#..... .#####
#.....###.....
#...........#
#...S.......#
#........./.##.
#......u.......
#......@..#
#.........#
#.#.####..# #
..# ..# ..# ..#
..#


You could see a cyan ugly thing and an adder.

Vanquished Creatures
  The ghost of Alter the Shield-Bearer, a novice GnFi of Okawaru (D:6)
  Pikel (D:7)
  A kobold demonologist (D:6)
  Grinder (D:6)
  A hornet (D:7)
  Sigmund (D:2)
  A hungry ghost (D:7)
  2 ice beasts (D:5)
  A sky beast (D:7)
  A phantom (D:5)
  A slave (D:7)
  2 ogres
  A centaur (D:6)
  4 big kobolds (D:6)
  3 bullfrogs (D:6)
  A scorpion (D:7)
  A wyvern zombie (D:6)
  4 wights (D:6)
  A howler monkey (D:5)
  2 crimson imps
  A centaur zombie (D:5)
  A jelly (D:6)
  A quasit (D:8)
  A bullfrog skeleton (D:6)
  2 orc wizards (D:3)
  A centaur skeleton (D:4)
  Crazy Yiuf (D:7)
  An iguana (D:4)
  5 worker ants
  A worker ant zombie (D:6)
  10 adders
  2 shadow imps
  An ooze (D:4)
  3 worms
  2 dart slugs
  2 leopard geckos
  12 orcs
  A ball python (D:3)
  4 giant cockroaches
  8 goblins
  11 hobgoblins
  5 jackals
  10 kobolds
  3 bats
  8 frilled lizards
  9 rats
137 creatures vanquished.

Vanquished Creatures (others)
  A slave (D:7)
  An adder (D:6)
  2 orcs (D:6)
  A giant cockroach (D:7)
  2 fungi (D:6)
  2 plants (D:6)
9 creatures vanquished.

Grand Total: 146 creatures vanquished

Notes
Turn   | Place    | Note
-------+----------+-------------------------------------------
     0 | D:1      | whitewolfNL the Minotaur Berserker began the quest for the
                  | Orb.
     0 | D:1      | Reached XP level 1. HP: 19/19 MP: 0/0
    64 | D:1      | Reached XP level 2. HP: 24/27 MP: 1/1
  1572 | D:1      | Reached skill level 1 in Maces & Flails
  1803 | D:2      | Reached ** piety under Trog
  1807 | D:2      | Reached XP level 3. HP: 28/33 MP: 2/2
  2205 | D:2      | Noticed Sigmund
  2218 | D:2      | Killed Sigmund
  2218 | D:2      | Reached skill level 3 in Maces & Flails
  2218 | D:2      | Reached XP level 4. HP: 12/41 MP: 3/3
  2218 | D:2      | Reached XP level 5. HP: 14/47 MP: 4/4
  3668 | D:3      | Reached XP level 6. HP: 53/53 MP: 5/5
  3669 | D:3      | Reached skill level 4 in Maces & Flails
  4291 | D:4      | Reached skill level 1 in Evocations
  4306 | D:4      | Paralysed by fainting for 9 turns
  4603 | D:4      | Found a stormy altar of Qazlal.
  4603 | D:4      | Found a sparkling altar of Nemelex Xobeh.
  4603 | D:4      | Found a burning altar of Makhleb.
  4603 | D:4      | Found a bloodstained altar of Trog.
  5724 | D:5      | Entered Level 5 of the Dungeon
  5769 | D:5      | Reached XP level 7. HP: 60/60 MP: 7/7
  5821 | D:5      | Found a shadowy altar of Dithmenos.
  5856 | D:5      | Reached skill level 5 in Axes
  6129 | D:5      | Reached *** piety under Trog
  6158 | D:5      | Reached skill level 5 in Fighting
  6268 | D:5      | Reached skill level 5 in Armour
  6655 | D:6      | Found a shimmering altar of Xom.
  6665 | D:6      | Reached skill level 1 in Stealth
  6668 | D:6      | Reached skill level 1 in Polearms
  6668 | D:6      | Reached XP level 8. HP: 56/68 MP: 8/8
  7237 | D:6      | Found a deep blue altar of Sif Muna.
  7237 | D:6      | Noticed Grinder
  7241 | D:6      | Paralysed by Grinder for 4 turns
  7246 | D:6      | Killed Grinder
  7246 | D:6      | Reached skill level 1 in Throwing
  7258 | D:6      | Reached skill level 5 in Maces & Flails
  7258 | D:6      | Reached skill level 5 in Dodging
  7576 | D:6      | Found a runed gate.
  7576 | D:6      | Found a runed gate.
  7576 | D:6      | Found a runed gate.
  7578 | D:6      | Noticed Alter's ghost (novice GnFi)
  7610 | D:6      | Noticed a kobold demonologist
  8196 | D:6      | Reached XP level 9. HP: 49/75 MP: 10/10
  8562 | D:6      | Killed a kobold demonologist
  8562 | D:6      | Reached skill level 6 in Maces & Flails
  8568 | D:6      | Killed Alter's ghost
  8919 | D:7      | Found a staircase to the Ecumenical Temple.
  8919 | D:7      | Noticed Pikel
  8930 | D:7      | Killed Pikel
  8930 | D:7      | Reached skill level 7 in Maces & Flails
  8939 | D:7      | Paralysed by a hornet for 2 turns
  8959 | D:7      | HP: 3/77 [poisoned by a hornet]
  8964 | D:7      | HP: 3/77 [poisoned by a hornet]
  8970 | D:7      | HP: 3/77 [poisoned by a hornet]
  9512 | D:7      | Found a runed door.
  9516 | D:7      | Noticed Crazy Yiuf
  9521 | D:7      | Killed Crazy Yiuf
  9745 | D:7      | Got a heavily runed scale mail
  9767 | D:7      | Reached skill level 8 in Maces & Flails
  9850 | D:7      | Identified the cursed +0 scale mail "Relox" {rC- Str+7}
                  | (You found it on level 7 of the Dungeon)
  9971 | D:7      | Reached **** piety under Trog
 10073 | D:8      | You fall through a shaft for 3 floors!
 10080 | D:11     | Noticed Grum
 10084 | D:11     | Noticed a cyan ugly thing
 10088 | D:11     | Mangled by a cyan ugly thing

Skill      XL: |  1  2  3  4  5  6  7  8  9 |
---------------+----------------------------+-----
Axes           | 4 5 |  5.9
Maces & Flails | 1 3 4 5 8 |  8.1
Fighting       | 4 5 6 |  6.5
Dodging        | 3 4 5 6 |  6.1
Armour         | 3 4 5 6 7 |  7.4
Evocations     | 1 2 3 4 |  4.0
Stealth        | 1 2 3 |  3.7
Polearms       | 1 2 |  2.6
Throwing       | 2 3 |  3.4

Action                   |  1- 3 |  4- 6 |  7- 9 || total
-------------------------+-------+-------+-------++-------
Melee: Hand axe          |    13 |    16 |    42 ||    71
       Headbutt          |     7 |    32 |    51 ||    90
       Club              |    64 |   128 |       ||   192
       Glaive            |       |       |    37 ||    37
       Mace              |       |       |    52 ||    52
       Flail             |       |       |    93 ||    93
Throw: Javelin           |       |       |     2 ||     2
Invok: Berserk           |     2 |     4 |    12 ||    18
Evoke: Wand              |       |       |     7 ||     7
  Use: Scroll            |       |     6 |     7 ||    13
 Stab: Paralysed         |       |       |     4 ||     4
  Eat: Chunk             |     5 |    12 |     9 ||    26
       Ration            |       |     1 |     5 ||     6
Armor: Animal skin       |    12 |       |       ||    12
       Robe              |     2 |       |       ||     2
       Ring mail         |     3 |    22 |       ||    25
       Chain mail        |       |    36 |   144 ||   180
       Plate armour      |       |       |    56 ||    56
Dodge: Dodged            |    43 |    87 |   164 ||   294
